 Dungeon Crawl Stone Soup version 0.19-a0-1613-g7c9bbd0 (webtiles) character file.

5396 Amciq the Cleaver (level 10, -1/91 HPs)
             Began as a Hill Orc Monk on Sept 17, 2016.
             Was a Priest of Makhleb.
             Engulfed by a fire crab (shapeshifter)'s flame (15 damage)
             ... on level 9 of the Dungeon.
             The game lasted 00:33:59 (9175 turns).

Amciq the Cleaver (Hill Orc Monk)                   Turns: 9175, Time: 00:33:59

Health: -1/91      AC:  9    Str: 17    XL:     10   Next: 66%
Magic:  15/15      EV: 13    Int: 10    God:    Makhleb [***...]
Gold:   616        SH: 13    Dex: 14    Spells: 0 memorised, 9 levels left

rFire  . . .     SeeInvis .     j - +2 hand axe (vamp)
rCold  + . .     Gourm    .     k - +0 ring mail
rNeg   . . .     Faith    .     u - +3 buckler {rC+}
rPois  .         Spirit   .     (no helmet)
rElec  .         Dismiss  .     (no cloak)
rCorr  .         Reflect  +     (no gloves)
MR     .....     Harm     .     c - +2 pair of boots
Stlth  +.........               B - +5 amulet of reflection
                                (no ring)
                                (no ring)

@: no status effects
A: mutation resistance 1
a: Minor Destruction, Lesser Servant of Makhleb, Renounce Religion


You were on level 9 of the Dungeon.
You worshipped Makhleb.
Makhleb was most pleased with you.
You were not hungry.

You visited 3 branches of the dungeon, and saw 13 of its levels.
You also visited: Sewer.

You collected 616 gold pieces.

Inventory:

Hand Weapons
 j - a +2 vampiric hand axe (weapon)
Missiles
 h - 2 throwing nets (quivered)
Armour
 c - a +2 pair of boots (worn)
 k - a +0 ring mail (worn)
 u - a +3 buckler of cold resistance (worn)
Jewellery
 B - a +5 amulet of reflection (around neck)
Wands
 m - a wand of lightning (9/15)
 w - a wand of slowing (35/48)
 x - a wand of lightning (7/15)
Scrolls
 a - a scroll of fear
 e - 6 scrolls of identify
 f - 2 scrolls of remove curse
 i - a scroll of blinking
 l - 3 scrolls of teleportation
 s - a scroll of recharging
 y - 2 scrolls of fog
 A - a scroll of torment {unknown}
Potions
 d - 2 potions of haste {unknown}
 g - 2 potions of curing {unknown}
 n - 4 potions of degeneration {unknown}
 p - 3 potions of heal wounds {unknown}
 q - 5 potions of flight {unknown}
 C - a potion of brilliance {unknown}
Comestibles
 b - 7 fruits
 r - 9 slices of pizza
 t - 3 beef jerkies
 v - 4 bread rations
 z - 2 meat rations


   Skills:
 + Level 9.2 Fighting
 + Level 11.3 Axes
 + Level 6.8 Armour
 - Level 4.0 Dodging
 - Level 2.0 Stealth
 + Level 6.3 Shields
 + Level 7.3 Invocations


You had 9 spell levels left.
You didn't know any spells.

Dungeon Overview and Level Annotations

Branches:
Dungeon (11/15)            Temple (1/1) D:5            Lair (1/6) D:11
    Orc: D:9-12

Altars:
Cheibriados
Dithmenos
Elyvilon
Fedhas
Gozag
Hepliaklqana
Kikubaaqudgha
Makhleb
Nemelex Xobeh
Okawaru
Qazlal
Ru
Sif Muna
Trog
Uskayaw
Vehumet
Xom
Yredelemnul
Zin
The Shining One

Shops:
D:7 [


Innate Abilities, Weirdness & Mutations

You are somewhat resistant to further mutation.


Message History

The fire crab breathes flames at you. The blast of flame engulfs you!
You hit the fire crab.
The fire crab is lightly wounded.
You are engulfed in roaring flames.
You hit the fire crab but do no damage.
The fire crab is lightly wounded.
You are engulfed in roaring flames.
The fire crab bites you!
You are engulfed in flames!
You block the fire crab's attack.
You hit the fire crab.
You feel better.
The fire crab is lightly wounded.
The fire crab breathes flames at you. The blast of flame misses you.
You hit the fire crab.
You feel better.
The fire crab is lightly wounded.
You are engulfed in roaring flames.
The fire crab barely misses you. The fire crab claws you!
You are engulfed in flames!
* * * LOW HITPOINT WARNING * * *
A demon appears!
You are engulfed in roaring flames.
You die...

#.# .. #.
Y# #. #.
#...##.##
#.$...4#
#...##t#
## #@##
#..# ##.#
#.## #.
#..###...
#.
#........
##. .#
#........
#....#
#..##....
##..#.#
#..# ....


You could see a fire crab, an ice beast and a friendly orange demon.

Vanquished Creatures
  An ugly thing (D:11)
  2 hippogriffs
  3 yaks (D:11)
  A human (D:8)
  The ghost of Amciq the Chopper, an amateur HOMo of Makhleb (D:4)
  A hungry ghost (D:8)
  Duvessa (D:6)
  A sky beast (D:5)
  Purgy (Sewer)
  2 orc warriors
  2 phantoms
  5 ogres
  5 centaurs
  5 bullfrogs
  2 scorpions
  Dowan (D:6)
  A wyvern skeleton (D:9)
  A water moccasin skeleton (D:6)
  9 killer bees
  4 wights (D:7)
  2 howler monkeys (D:7)
  2 crimson imps (D:6)
  A bullfrog zombie (D:6)
  A centaur zombie (D:6)
  A hound (D:4)
  A jelly (D:7)
  A quasit (D:8)
  4 orc priests
  Ijyb (D:2)
  A bullfrog skeleton (D:7)
  6 orc wizards
  6 worker ants
  A hound zombie (D:7)
  A hound skeleton (D:6)
  A howler monkey zombie (D:8)
  4 gnolls (D:4)
  10 adders
  3 shadow imps
  An ooze (D:6)
  An adder skeleton (D:9)
  3 worms
  7 leopard geckos
  24 orcs
  8 giant cockroaches
  6 goblins
  7 hobgoblins
  5 jackals
  2 quokkas
  5 ball pythons
  3 bats
  12 frilled lizards
  15 kobolds
  9 rats
204 creatures vanquished.

Vanquished Creatures (collateral kills)
  A yak (D:11)
  A big kobold (D:11)
  A kobold (D:11)
3 creatures vanquished.

Grand Total: 207 creatures vanquished

Notes
Turn   | Place    | Note
-------+----------+-------------------------------------------
     0 | D:1      | Amciq the Hill Orc Monk began the quest for the Orb.
     0 | D:1      | Reached XP level 1. HP: 19/19 MP: 1/1
   326 | D:1      | Reached XP level 2. HP: 26/27 MP: 2/2
  1245 | D:2      | Noticed Ijyb
  1277 | D:2      | Killed Ijyb
  1277 | D:2      | Reached skill level 5 in Axes
  1277 | D:2      | Reached XP level 3. HP: 21/33 MP: 3/3
  1636 | D:2      | Reached XP level 4. HP: 40/40 MP: 4/4
  1717 | D:2      | Found a snail-covered altar of Cheibriados.
  1854 | D:3      | Found a blossoming altar of Fedhas.
  1895 | D:3      | Reached XP level 5. HP: 15/46 MP: 5/5
  2057 | D:3      | Reached skill level 6 in Axes
  2360 | D:3      | Found a glowing drain.
  2384 | Sewer    | Entered a sewer
  2628 | Sewer    | Noticed Purgy
  2658 | Sewer    | Killed Purgy
  2658 | Sewer    | Reached skill level 1 in Armour
  2658 | Sewer    | Reached XP level 6. HP: 34/53 MP: 6/6
  3390 | D:4      | Reached skill level 7 in Axes
  3508 | D:4      | Reached XP level 7. HP: 60/60 MP: 7/7
  3509 | D:4      | Reached skill level 5 in Fighting
  3662 | D:4      | Reached skill level 8 in Axes
  3721 | D:4      | Noticed Amciq's ghost (amateur HOMo)
  3733 | D:5      | Entered Level 5 of the Dungeon
  4333 | D:4      | Killed Amciq's ghost
  4333 | D:4      | Reached skill level 1 in Shields
  4333 | D:4      | Reached XP level 8. HP: 30/70 MP: 8/8
  4908 | D:5      | Reached skill level 9 in Axes
  4961 | D:5      | Found a staircase to the Ecumenical Temple.
  4983 | Temple   | Entered the Ecumenical Temple
  5159 | Temple   | Became a worshipper of Makhleb the Destroyer
  5159 | Temple   | Reached * piety under Makhleb
  5159 | Temple   | Reached ** piety under Makhleb
  5523 | D:6      | Reached skill level 1 in Invocations
  5642 | D:6      | Noticed Duvessa
  5642 | D:6      | Noticed Dowan
  5668 | D:6      | Killed Duvessa
  5670 | D:6      | Killed Dowan
  5923 | D:6      | Reached XP level 9. HP: 78/79 MP: 11/11
  5962 | D:6      | Found an opulent altar of Gozag.
  6449 | D:7      | Reached skill level 10 in Axes
  6850 | D:7      | Found Liemaast's Armour Boutique.
  7031 | D:7      | Reached skill level 5 in Armour
  7440 | D:7      | Found a deep blue altar of Sif Muna.
  7495 | D:7      | Reached skill level 5 in Invocations
  7663 | D:8      | Got a warped flail
  7664 | D:8      | Identified the +3 flail of Embarrassment {crush, Dex+3} (You found it on level 8 of the Dungeon)
  7668 | D:8      | Gained mutation: You are somewhat resistant to further mutation. [potion of beneficial mutation]
  7825 | D:8      | Reached *** piety under Makhleb
  7838 | D:8      | Reached skill level 5 in Shields
  8072 | D:8      | Reached XP level 10. HP: 82/89 MP: 14/14
  8185 | D:8      | You fall through a shaft for 3 floors!
  8222 | D:11     | Found a staircase to the Lair.
  8233 | D:11     | Noticed a cyan ugly thing
  8257 | D:11     | Killed a cyan ugly thing
  8488 | Lair:1   | Entered Level 1 of the Lair of Beasts
  8503 | Lair:1   | Reached skill level 11 in Axes
  9023 | D:10     | Entered Level 10 of the Dungeon
  9109 | D:9      | Found a radiant altar of Vehumet.
  9154 | D:9      | Noticed a fire crab
  9175 | D:9      | Engulfed by a fire crab (shapeshifter)'s flame

Vault maps used:
D:1:      mrwooster_arrival_statue_3
D:2:      lemuel_coloured_pillars_altar, uniq_iyjb
D:3:      fedhas_altar_1, portal_sewer_entry_d, dk_noncrumbling_4, minivault_5,
          solitary_fountain
D:4:      first_bread
D:5:      lemuel_old_faithful
D:6:      nicolae_gozag_cash_rules_everything_around_me,
          kennysheep_small_spiral, kennysheep_generic_room_3, uniq_duvessa
D:7:      led_sif_book, serial_shops, nicolae_shop_statue_plus
D:8:      grunt_pizzeria
D:9:      minmay_diamond_stairs, overflow_temple_1_default,
          nicolae_overflow_crystal_walls
D:10:     orc_0_dummy, serial_shops, kennysheep_little_box, shop, shop,
          nrook_mini_backslash
D:11:     lair_0_dummy
Temple:   regret_index_temple_waves
Lair:1:   lemuel_altar_in_water2, uniq_sonja, uniq_harold
Sewer:    sewer_co_purgy_island

Skill      XL: |  1  2  3  4  5  6  7  8  9 10 |
---------------+-------------------------------+-----
Fighting       | 4 5 7 8 9 |  9.2
Axes           | 5 6 7 8 9 10 11 | 11.3
Dodging        | 3 4 |  4.0
Armour         | 1 2 4 5 6 |  6.8
Stealth        | 2 |  2.0
Shields        | 1 3 5 6 |  6.3
Invocations    | 2 5 7 |  7.3

Action                   |  1- 3 |  4- 6 |  7- 9 | 10-12 || total
-------------------------+-------+-------+-------+-------++-------
Melee: Hand axe          |   113 |   239 |   520 |   214 ||  1086
Invok: Minor Destruction |       |       |    23 |    11 ||    34
       Lesser Servant of |       |       |       |     2 ||     2
  Use: Potion            |       |     2 |     2 |     1 ||     5
       Scroll            |       |     8 |     7 |     1 ||    16
 Stab: Sleeping          |     1 |     1 |     2 |       ||     4
       Distracted        |       |     1 |       |       ||     1
  Eat: Chunk             |     2 |     7 |    15 |     4 ||    28
       Bread ration      |       |     1 |       |       ||     1
Armor: Robe              |    16 |     5 |       |       ||    21
       Ring mail         |       |    39 |    70 |    36 ||   145
       Skin              |       |   111 |     6 |       ||   117
       Leather armour    |       |       |    25 |       ||    25
Dodge: Dodged            |    72 |   149 |   206 |   100 ||   527
Block: Buckler           |       |       |   122 |   103 ||   225
